[Event "*** Titled Tuesday 3|2 Blitz"]
[Site "Chess.com"]
[Date "2017.03.07"]
[Round "10"]
[White "manubibi"]
[Black "HaryKane"]
[Result "0-1"]
[WhiteElo "2396"]
[BlackElo "2298"]
[TimeControl "180+2"]
[EndTime "15:21:03 PST"]
[Termination "HaryKane won by checkmate"]

1. e4 e5 2. Nf3 Nc6 3. Bb5 a6 4. Ba4 Nf6 5. O-O b5 6. Bb3 Bc5 7. a4 Bb7 8. d3 d6 9. Nc3 h6 10. axb5 axb5 11. Rxa8 Bxa8 12. Nxb5 O-O 13. Nc3 Ne7 14. Be3 Bb6 15. Bxb6 cxb6 16. Qe1 Ng6 17. g3 Re8 18. Qe2 Ne7 19. Ra1 Bb7 20. Qe3 d5 21.
Nxe5 Nc6 22. Nxf7 Kxf7 23. Nxd5 Kg6 24. Qxb6 Qxb6 25. Nxb6 Nd4 26. Ra7 Rb8 27. Nc4 Bc8 28. Nd2 Bh3 29. f4 Ng4 30. f5+ Kh7 31. Rd7 Ne2+ 32.
Kh1 Nf2# 0-1

[Event "*** Titled Tuesday 3|2 Blitz"]
[Site "Chess.com"]
[Date "2017.03.07"]
[Round "10"]
[White "SergeiAza"]
[Black "eldur16"]
[Result "1/2-1/2"]
[WhiteElo "2592"]
[BlackElo "2347"]
[TimeControl "180+2"]
[EndTime "15:21:07 PST"]
[Termination "Game drawn by repetition"]

1. e4 g6 2. d4 Bg7 3. Nf3 d6 4.
Nc3 Nf6 5. Be3 O-O 6. Qd2 c6 7. Bh6 Nbd7 8. O-O-O b5 9. Bxg7 Kxg7 10. e5 Ne8 11. h4 f6 12. h5 g5 13. h6+ Kh8 14.
exf6 exf6 15. Bd3 Nb6 16. Rde1 d5 17. Qe3 Nd6 18. Qe7 Qxe7 19. Rxe7 Bf5 20. g4 Bxd3 21. cxd3 Rfe8 22. Rhe1 a5 23. R1e6 Rac8 24. Nd1 Rxe7 25. Rxe7 Re8 26. Rc7 Rc8 27. Ra7 Ra8 28. Rc7 Rc8 29.
Re7 Re8 30. Rc7 Rc8 31. Ra7 Ra8 32. Rc7 Rc8 33. Ra7 Ra8 34. Rc7 Rc8 1/2-1/2

[Event "*** Titled Tuesday 3|2 Blitz"]
[Site "Chess.com"]
[Date "2017.03.07"]
[Round "10"]
[White "B-man"]
[Black "Vrolijk"]
[Result "1-0"]
[WhiteElo "2479"]
[BlackElo "2296"]
[TimeControl "180+2"]
[EndTime "15:21:12 PST"]
[Termination "B-man won by resignation"]

1. e4 g6 2. d4 Bg7 3. Nc3 d6 4. Be2 a6 5. a4 Nc6 6. Be3 e5 7. dxe5 Nxe5 8. f4 Nc6 9. Nf3 Nf6 10. O-O O-O 11. Kh1 Re8 12. Bd3 Nb4 13.
Bg1 Bd7 14. f5 Bc6 15. Re1 Nxd3 16. cxd3 Ng4 17. h3 Ne5 18. Nd4 Bd7 19. Rf1 Qh4 20. Nd5 Rac8 21. Rf4 Qh6 22. f6 Bf8 23. Be3 g5 24.
Rf5 Bxf5 25. Nxf5 Qg6 26. Rc1 Nc6 27. b4 Re5 28. Qf3 Rxd5 29. exd5 Ne5 30. Qe4 Qxf6 31. Rf1 Qg6 32. Bd4 Re8 33. Rc1 c6 34. dxc6 bxc6 35.
Ng3 Qxe4 36. Nxe4 Nxd3 37. Nf6+ 1-0

[Event "*** Titled Tuesday 3|2 Blitz"]
[Site "Chess.com"]
[Date "2017.03.07"]
[Round "10"]
[White "GM_Splinter"]
[Black "MattyDPerrine"]
[Result "1-0"]
[WhiteElo "2312"]
[BlackElo "2224"]
[TimeControl "180+2"]
[EndTime "15:21:32 PST"]
[Termination "GM_Splinter won on time"]

1. e4 c5 2. c3 g6 3. d4 cxd4 4.
cxd4 d5 5. e5 Bg7 6. Nc3 Nc6 7. h3 e6 8. Nf3 Nge7 9. Bd3 O-O 10. O-O b6 11. Be3 Nb4 12. Be2 Ba6 13. Bxa6 Nxa6 14.
Qd2 Rc8 15. g4 Nb4 16. Kg2 f6 17. exf6 Bxf6 18. Bh6 Bg7 19. Bxg7 Kxg7 20. Rfe1 Rc6 21. Ne5 Rc8 22. Re3 g5 23. Rae1 h6 24. h4 Nbc6 25. Nxc6 Rxc6 26. h5 Rf6 27. R1e2 Nc8 28. Qe1 Kf7 29. Re5 Qd7 30. f3 Nd6 31. Nxd5 1-0

[Event "*** Titled Tuesday 3|2 Blitz"]
[Site "Chess.com"]
[Date "2017.03.07"]
[Round "10"]
[White "spectralsoul"]
[Black "SabinaFoisor"]
[Result "1-0"]
[WhiteElo "2600"]
[BlackElo "2196"]
[TimeControl "180+2"]
[EndTime "15:21:36 PST"]
[Termination "spectralsoul won by resignation"]

1. Nf3 d5 2. c4 d4 3. b4 Bg4 4. Qb3 Nf6 5. Bb2 Bxf3 6. Qxf3 Nc6 7. b5 Nb4 8. Qb3 a5 9. a3 a4 10. Qd1 Nc6 11. bxc6 bxc6 12. e3 e5 13. exd4 exd4 14.
Qf3 Qd7 15. Bd3 Rb8 16. Ra2 Be7 17. O-O O-O 18. Bc2 c5 19. d3 Rb6 20. Nd2 Rfb8 21. Bc1 h6 22. Qd1 Qf5 23. Re1 Bf8 24. Ne4 Ng4 25. h3 Ne5 26. Bxa4 Rg6 27. f4 Nd7 28. g4 Bd6 29. Kh1 Qf6 30. Nxf6+ Nxf6 31. f5 1-0

[Event "*** Titled Tuesday 3|2 Blitz"]
[Site "Chess.com"]
[Date "2017.03.07"]
[Round "10"]
[White "Makalexa"]
[Black "arna"]
[Result "1-0"]
[WhiteElo "2155"]
[BlackElo "2247"]
[TimeControl "180+2"]
[EndTime "15:21:37 PST"]
[Termination "Makalexa won on time"]

1. e4 c5 2. Nf3 Nc6 3. d4 cxd4 4. Nxd4 e5 5. Nb5 d6 6. N1c3 a6 7. Na3 Be7 8. Nd5 Nf6 9. Bd3 Nxd5 10. exd5 Nb4 11. O-O Nxd3 12. Qxd3 f5 13. f3 b5 14. c4 Rb8 15. Be3 O-O 16. Rac1 Bd7 17. Kh1 b4 18. Nc2 a5 19. b3 Qe8 20. f4 e4 21. Qe2 Ra8 22. Bd4 Bf6 23. Qe3 Qb8 24.
Bxf6 Rxf6 25. Nd4 Qa7 26. Rfe1 Rh6 27. h3 Rg6 28. Kh2 Qc5 29. Nc2 Qxe3 30. Nxe3 a4 31. c5 dxc5 32. Rxc5 axb3 33. axb3 Ra2 34. Rc4 Rb6 35. Kg3 Ra3 36. Rb1 Rb7 37. Nc2 Ra2 38. Nxb4 Ra3 39. Kh2 1-0

[Event "*** Titled Tuesday 3|2 Blitz"]
[Site "Chess.com"]
[Date "2017.03.07"]
[Round "10"]
[White "MateusViageiro"]
[Black "Schoenbrunn"]
[Result "1-0"]
[WhiteElo "2222"]
[BlackElo "1859"]
[TimeControl "180+2"]
[EndTime "15:21:41 PST"]
[Termination "MateusViageiro won on time"]

1. e4 e6 2. Qe2 c5 3. g3 Nc6 4. Bg2 d6 5. Nf3 g6 6. O-O Bg7 7. c3 Nge7 8. d3 O-O 9. Na3 Rb8 10. Bf4 b5 11. e5 d5 12. d4 c4 13. Nc2 b4 14. Qd2 f6 15. exf6 Bxf6 16. Bxb8 Nxb8 17.
Nxb4 a5 18. Nc2 Nbc6 19. Rfe1 Qb6 20. Ne3 a4 21. a3 Na5 22. Qc2 Nb3 23. Rab1 h6 24. Ng4 Bg7 25. Nge5 g5 26. Nd2 Nf5 27. Nxb3 axb3 28. Qe2 Nxd4 29. cxd4 Qxd4 30. Ng6 Rf7 31.
Ne5 Rf5 32. Nf3 Qc5 33. Qe3 d4 34. Qe4 Bd7 35. Qg4 e5 36. Qe4 c3 37. bxc3 dxc3 38. Rxb3 Bc6 39. Qxf5 c2 40. Rc1 e4 41. Qxc5 1-0

[Event "*** Titled Tuesday 3|2 Blitz"]
[Site "Chess.com"]
[Date "2017.03.07"]
[Round "10"]
[White "GMMelik"]
[Black "Fandorine"]
[Result "0-1"]
[WhiteElo "2451"]
[BlackElo "2648"]
[TimeControl "180+2"]
[EndTime "15:21:50 PST"]
[Termination "Fandorine won by resignation"]

1. e4 c5 2. Nf3 e6 3. d4 cxd4 4.
Nxd4 Nc6 5. Nc3 Qc7 6. Be2 a6 7. O-O Nf6 8. Be3 Be7 9. f4 d6 10. Qe1 O-O 11. Qg3 Nxd4 12. Bxd4 b5 13. a3 Bb7 14. Bd3 e5 15. fxe5 Nh5 16. Qh3 dxe5 17.
Be3 Bc5 18. Nd5 Bxe3+ 19. Qxe3 Qd6 20. Rf5 g6 21. Rxh5 gxh5 22. Qg5+ Kh8 23. Nf6 Rg8 24. Qh6 Rg7 25. Rf1 Rc8 26. Rf5 Qd4+ 27. Kh1 Qxb2 28. h3 Rxc2 29. Bxc2 Qxc2 30. g3 Bxe4+ 0-1

[Event "*** Titled Tuesday 3|2 Blitz"]
[Site "Chess.com"]
[Date "2017.03.07"]
[Round "10"]
[White "chessking2151"]
[Black "IMcoach"]
[Result "0-1"]
[WhiteElo "2364"]
[BlackElo "2337"]
[TimeControl "180+2"]
[EndTime "15:21:54 PST"]
[Termination "IMcoach won by resignation"]

1. e4 d6 2. d4 Nf6 3. Nc3 g6 4.
f3 c6 5. Be3 Nbd7 6. Qd2 b5 7.
a3 h5 8. g3 Bg7 9. Bg2 Rb8 10.
Nge2 a6 11. h3 c5 12. Nd1 cxd4 13. Bxd4 Bb7 14. Ne3 Qc7 15. a4 b4 16. b3 a5 17.
Kf2 Nc5 18. Qd1 Rd8 19. g4 e5 20. Bb2 d5 21. g5 dxe4 22. gxf6 Bxf6 23. Qg1 Bh4+ 24.
Ng3 exf3 25. Bxf3 Bxf3 26. Kxf3 Rd2 27. Nd5 Rxd5 28. Qe3 O-O 29. Nf5 e4+ 30. Ke2 Rxf5 31. Qd4 Bf6 32. Qxf6 Rxf6 33. Bxf6 Qc6 34. Bd4 Ne6 0-1

[Event "*** Titled Tuesday 3|2 Blitz"]
[Site "Chess.com"]
[Date "2017.03.07"]
[Round "10"]
[White "FlameOak4464"]
[Black "Shivagami"]
[Result "0-1"]
[WhiteElo "1768"]
[BlackElo "1948"]
[TimeControl "180+2"]
[EndTime "15:22:04 PST"]
[Termination "Shivagami won by resignation"]

1. e4 e5 2. Nf3 Nc6 3. Bc4 Nf6 4.
Ng5 d5 5. exd5 Na5 6. Bb5+ c6 7. dxc6 bxc6 8. Be2 Bd6 9. d4 e4 10. Nd2 Bf5 11.
f3 e3 12. Nde4 Bf4 13. g4 Nxe4 14. fxe4 Qxg5 15. h4 Bg3+ 16. Kf1 Qf4+ 17. Bf3 Bxe4 18. Kg2 O-O 19. Bxe4 Qf2+ 20. Kh3 e2 21. Qg1 e1=Q 22. Qxe1 Qxe1 23. Rxe1 Bxe1 24. c3 Rfe8 25. Bf5 g6 26. Bd7 Re2 27. Bg5 Nc4 28. b3 Nd6 29. Bxc6 Rc8 30. Bf3 Rf2 31. Rxe1 Rxf3+ 32. Kg2 Rcxc3 33. Be7 Rg3+ 34. Kf2 Nb5 35. Rg1 Rxg1 36. Kxg1 Rg3+ 37.
Kf2 Rxg4 38. a4 Nxd4 39. Bc5 Nxb3 40. Bxa7 Rxa4 41. Be3 Rxh4 0-1

[Event "*** Titled Tuesday 3|2 Blitz"]
[Site "Chess.com"]
[Date "2017.03.07"]
[Round "10"]
[White "Lupul_Cenusiu"]
[Black "alekroth64"]
[Result "0-1"]
[WhiteElo "2412"]
[BlackElo "2271"]
[TimeControl "180+2"]
[EndTime "15:22:14 PST"]
[Termination "alekroth64 won by checkmate"]

1. d4 Nf6 2. c4 e6 3. Nf3 b6 4. e3 Bb7 5. Bd3 d5 6. O-O Bd6 7. b3 O-O 8. Bb2 Ne4 9. Qe2 f5 10.
Ne5 Nd7 11. Rd1 Qe7 12. Nxd7 Qxd7 13. Nd2 Qe7 14. a4 Rf6 15. Nf3 Rh6 16. g3 dxc4 17.
Bxc4 Kh8 18. Rac1 Qf7 19. d5 exd5 20. Ba6 Bxa6 21. Qxa6 Qh5 22. Qb7 Rg8 23. Kg2 Qh3+ 24. Kg1 Qh5 25. Kg2 Qh3+ 26. Kg1 Qh5 27. Nh4 Qg5 28.
Ng2 Nxf2 29. Kxf2 Rxh2 30. Qxd5 Qxg3+ 31. Kf1 Rh1+ 32. Ke2 Rh2 33. Rg1 Qg4+ 34. Qf3 Qb4 35. Rh1 Qxb3 36. Bd4 Qa2+ 37. Kf1 Rxh1# 0-1

[Event "*** Titled Tuesday 3|2 Blitz"]
[Site "Chess.com"]
[Date "2017.03.07"]
[Round "10"]
[White "iturrizaga"]
[Black "SavelijTartakover"]
[Result "0-1"]
[WhiteElo "2624"]
[BlackElo "2597"]
[TimeControl "180+2"]
[EndTime "15:22:16 PST"]
[Termination "SavelijTartakover won by resignation"]

1. Nf3 Nf6 2. c4 g6 3. g3 Bg7 4.
Bg2 O-O 5. O-O d6 6. d4 Nc6 7.
Nc3 Bg4 8. d5 Na5 9. Qd3 c5 10.
Nd2 a6 11. a4 Bd7 12. b3 Ng4 13. Bb2 b5 14. axb5 axb5 15. cxb5 Qb6 16. Nc4 Qd8 17. h3 Ne5 18. Nxe5 Bxe5 19. Ra3 Rb8 20. Rfa1 Bxb5 21. Nxb5 Bxb2 22. Rxa5 Bxa1 23. Rxa1 Qb6 24. Nc3 Qxb3 25. Qe3 Qc4 26. Ne4 Rb2 27. Bf3 Rfb8 28. Kh2 Qd4 29. Qh6 Rxe2 30. Bxe2 Qxa1 31. Ng5 Qg7 32. Qh4 Rb2 33. Bf3 Rxf2+ 34. Bg2 Ra2 35.
Ne4 Qb2 0-1

[Event "*** Titled Tuesday 3|2 Blitz"]
[Site "Chess.com"]
[Date "2017.03.07"]
[Round "10"]
[White "politeplayer"]
[Black "aa175"]
[Result "1-0"]
[WhiteElo "2059"]
[BlackElo "1869"]
[TimeControl "180+2"]
[EndTime "15:22:17 PST"]
[Termination "politeplayer won by checkmate"]

1. e4 e5 2. f4 exf4 3. Nf3 d6 4. Nc3 g5 5. g3 Bg7 6. d4 Nc6 7. Bb5 g4 8. Nh4 f3 9. d5 a6 10. Bxc6+ bxc6 11. dxc6 Qe7 12. O-O Nf6 13. Bg5 h6 14. Nd5 Qd8 15. Bxf6 Bxf6 16. Ng2 Bxb2 17. Ngf4 Be6 18.
Rb1 Rb8 19. c3 Bxd5 20. Nxd5 O-O 21. Qd2 Qg5 22. Rxb2 Rxb2 23. Qxb2 Qe5 24. Qb4 f5 25. Qd4 Qxd4+ 26. cxd4 fxe4 27. Kf2 Re8 28. Nf6+ Kf7 29. Nxe8 Kxe8 30. d5 Kf7 31. Re1 Kf6 32. Rxe4 Kf5 33. Re7 h5 34. Rxc7 Ke5 35. Re7+ Kxd5 36. c7 Kd4 37. c8=Q d5 38. Qf5 Kc3 39. Qxd5 Kb2 40.
Rc7 Ka1 41. Qb3 h4 42. Rc1# 1-0

[Event "*** Titled Tuesday 3|2 Blitz"]
[Site "Chess.com"]
[Date "2017.03.07"]
[Round "10"]
[White "morphy1984"]
[Black "DeviatkinAndrey"]
[Result "0-1"]
[WhiteElo "2481"]
[BlackElo "2554"]
[TimeControl "180+2"]
[EndTime "15:22:28 PST"]
[Termination "DeviatkinAndrey won on time"]

1. e4 c6 2. d4 d5 3. Nd2 h6 4.
Ngf3 dxe4 5. Nxe4 Bf5 6. Bd3 e6 7. Qe2 Nf6 8. O-O Nxe4 9. Bxe4 Bxe4 10. Qxe4 Nd7 11. Bf4 Be7 12. Rad1 O-O 13. c4 Re8 14. Ne5 Nxe5 15. Bxe5 Bd6 16. Rd3 Qe7 17. Rfd1 Rad8 18. b3 Rd7 19. h3 Red8 20. Qe2 a6 21. a4 b5 22. axb5 axb5 23. Qe4 bxc4 24. bxc4 Bxe5 25.
dxe5 g6 26. g3 Kg7 27. Rd6 c5 28. Qc6 Rc7 29. Qe4 Rb8 30. Qe3 Qg5 31. Qe2 h5 32. h4 Qf5 33. Kg2 Rcb7 34. R1d2 Rb1 35. Rd7 Ra1 36. R2d3 Rbb1 37. Qf3 Rg1+ 0-1

[Event "*** Titled Tuesday 3|2 Blitz"]
[Site "Chess.com"]
[Date "2017.03.07"]
[Round "10"]
[White "gkchesstiger"]
[Black "SwiftyMcBishop"]
[Result "1-0"]
[WhiteElo "2634"]
[BlackElo "2225"]
[TimeControl "180+2"]
[EndTime "15:22:35 PST"]
[Termination "gkchesstiger won by resignation"]

1. Nf3 d5 2. g3 c6 3. Bg2 Nf6 4. b3 g6 5. Bb2 Bg7 6. O-O O-O 7. c4 dxc4 8. bxc4 c5 9. d3 Nc6 10.
Nc3 Bg4 11. h3 Bd7 12. Rb1 b6 13. Nd5 Re8 14. Nxf6+ exf6 15. e3 f5 16. Bxg7 Kxg7 17. d4 Rc8 18. dxc5 bxc5 19. Rb7 Be6 20. Qa4 Re7 21. Rb5 Nb4 22. a3 Bxc4 23. axb4 Bxb5 24.
Qxb5 cxb4 25. Qxb4 Rb8 26. Qc3+ Kg8 27. Nd4 Rc7 28.
Nc6 Qd6 29. Rc1 Rb6 30. g4 fxg4 31. hxg4 a5 32. Qxa5 Rb2 33. Qa8+ Kg7 34. g5 Qd2 35. Rf1 Rc2 36. Qe8 Qd6 37. Nd4 Rc1 38. Qe4 Rxf1+ 39. Bxf1 Rc1 40. Kg2 Qc5 41. f4 Qa5 42. Qe5+ Qxe5 43.
fxe5 Rc5 44. Nf3 Kf8 45. Kg3 Ke7 46. Kf4 Rc4+ 47. Bxc4 1-0

[Event "*** Titled Tuesday 3|2 Blitz"]
[Site "Chess.com"]
[Date "2017.03.07"]
[Round "10"]
[White "Cayse"]
[Black "Dr-Bassem"]
[Result "1-0"]
[WhiteElo "2590"]
[BlackElo "2621"]
[TimeControl "180+2"]
[EndTime "15:22:39 PST"]
[Termination "Cayse won on time"]

1. e4 e5 2. Nf3 Nc6 3. Bc4 Nf6 4.
Ng5 d5 5. exd5 Na5 6. Bb5+ c6 7. dxc6 bxc6 8. Bd3 Nd5 9. Nf3 Bd6 10. O-O O-O 11.
Re1 Re8 12. Nc3 f5 13. Nxd5 cxd5 14. Bf1 Nc6 15. d3 h6 16. g3 Be6 17. c3 a5 18. Bg2 Rb8 19. b3 Qf6 20. Bb2 Rbd8 21. a3 e4 22. Nd4 Nxd4 23. cxd4 Rf8 24. Qd2 h5 25. dxe4 fxe4 26. h4 Bg4 27. Rac1 Rb8 28. Rc3 Qf5 29. Rf1 Rf6 30. Qg5 Qe6 31. Bc1 Rbf8 32. Rc6 Be2 33. Re1 Rxf2 34. Bf4 Rxg2+ 35. Kxg2 Bf3+ 36. Kh2 Bxf4 37. Rxe6 Bxg5 38. hxg5 Rc8 39.
g6 Rc2+ 40. Kg1 Kf8 41. b4 a4 42. b5 Bg4 43. Re5 Bf3 44. b6 Rb2 45. Rc1 1-0

[Event "*** Titled Tuesday 3|2 Blitz"]
[Site "Chess.com"]
[Date "2017.03.07"]
[Round "10"]
[White "kleinebeer98"]
[Black "daro94"]
[Result "1-0"]
[WhiteElo "2522"]
[BlackElo "2667"]
[TimeControl "180+2"]
[EndTime "15:22:43 PST"]
[Termination "kleinebeer98 won by checkmate"]

1. e4 c6 2. d4 d5 3. f3 Qb6 4.
Nc3 e6 5. a3 a6 6. Be3 Nf6 7.
Bd3 c5 8. exd5 exd5 9. dxc5 Bxc5 10. Na4 Qa5+ 11. b4 Qxa4 12. Bxc5 Be6 13. Ne2 Nbd7 14. Nc3 Qc6 15. Bd4 O-O 16. O-O Rac8 17. Qe1 Qd6 18. Qh4 Rfd8 19. Rae1 h6 20. Kh1 a5 21. f4 axb4 22.
axb4 Ne4 23. f5 Bxf5 24. Rxf5 Nxc3 25. Bxc3 d4 26. Qxd4 Qxd4 27. Bxd4 Nf8 28. Bc5 Ne6 29. Bc4 Nxc5 30. Bxf7+ Kh7 31. bxc5 Rd2 32. c4 g6 33. Rd5 Rf2 34. Rd7 h5 35. Rxb7 Rxc5 36. Bd5+ Kh6 37. h3 Rd2 38. Rb6 Kg5 39. Ree6 Kh4 40.
Rxg6 Rcxd5 41. Kh2 Rc5 42. Rbd6 Rxd6 43. g3# 1-0

[Event "*** Titled Tuesday 3|2 Blitz"]
[Site "Chess.com"]
[Date "2017.03.07"]
[Round "10"]
[White "Hanging_pointer"]
[Black "workhard91"]
[Result "1-0"]
[WhiteElo "2286"]
[BlackElo "2209"]
[TimeControl "180+2"]
[EndTime "15:22:47 PST"]
[Termination "Hanging_pointer won by resignation"]

1. Nf3 c5 2. g3 Nc6 3. Bg2 g6 4. d4 cxd4 5. Nxd4 Bg7 6. Nb3 Nf6 7.
O-O O-O 8. c4 d6 9. Nc3 Be6 10.
Nd5 Bxd5 11. cxd5 Ne5 12. Nd4 Qb6 13. b3 Nxd5 14. Bxd5 Nc6 15. Nxc6 bxc6 16. Be3 Qb7 17. Bg2 Bxa1 18. Qxa1 e5 19. h4 Rfe8 20. h5 d5 21. h6 a5 22. Qc1 a4 23. Bc5 axb3 24.
axb3 Qd7 25. Qg5 Qd8 26. Qd2 Qf6 27. f4 Re6 28. Bh3 Ree8 29. f5 g5 30. Bg4 d4 31.
Kg2 Rad8 32. Rh1 e4 33. Rh5 e3 34. Qd3 Kh8 35. Bf3 Rg8 36. g4 Qe5 37. b4 f6 38.
Rh1 Qf4 39. Rd1 Rd7 40. Qe4 Qxe4 41. Bxe4 Rc8 42. Rxd4 Rxd4 43. Bxd4 Kg8 44. Bxf6 Kf7 45. Bxg5 Rg8 46. Bxe3 Rxg4+ 47. Kf3 Rh4 48. Bxc6 Rxb4 49. Bd5+ Kf6 50. Be4 Ra4 51. Bf2 Ra3+ 52. e3 Ra1 53. Bd3 Rh1 54. e4 Rxh6 55. Bd4+ Kf7 56. e5 Rh3+ 57.
Ke4 Rh4+ 58. Kd5 Rh3 59. e6+ Ke7 60. f6+ Kf8 61. Bf5 Rh5 62. Ke5 Rg5 63. Bc5+ Ke8 64. f7+ 1-0

[Event "*** Titled Tuesday 3|2 Blitz"]
[Site "Chess.com"]
[Date "2017.03.07"]
[Round "10"]
[White "Noukii"]
[Black "VerdeNotte"]
[Result "1-0"]
[WhiteElo "2658"]
[BlackElo "2564"]
[TimeControl "180+2"]
[EndTime "15:22:50 PST"]
[Termination "Noukii won by resignation"]

1. d4 e6 2. c4 f5 3. g3 Nf6 4. Bg2 Bb4+ 5. Bd2 Bxd2+ 6. Qxd2 O-O 7. Nc3 d6 8. e3 Nc6 9. Nge2 e5 10. d5 Nb8 11. f4 Nbd7 12. O-O a5 13. b3 Nc5 14. h3 Qe7 15. Rae1 Bd7 16. Nc1 Rae8 17. Kh2 b6 18. Re2 Nfe4 19. Nxe4 Nxe4 20. Bxe4 fxe4 21. Ref2 exf4 22. Rxf4 g5 23. Rxf8+ Rxf8 24. Rxf8+ Qxf8 25. Qg2 h5 26. h4 Bg4 27. hxg5 Qf5 28. Ne2 Bxe2 29.
Qxe2 Qxg5 30. Qf2 Kg7 31. Qf4 Qg6 32. Kh3 Qf6 33. Qxf6+ Kxf6 34. Kh4 Kg6 35. g4 hxg4 36. Kxg4 Kh6 37. Kf5 Kh5 38. Kxe4 Kg4 39. Kd4 Kf3 40. e4 Kf4 41. a3 Kg5 42. e5 Kf5 43. e6 Kf6 44. Ke4 c6 45. dxc6 Kxe6 46. Kd4 a4 47. b4 1-0

[Event "*** Titled Tuesday 3|2 Blitz"]
[Site "Chess.com"]
[Date "2017.03.07"]
[Round "10"]
[White "Anton_Demchenko"]
[Black "GGuseinov"]
[Result "0-1"]
[WhiteElo "2627"]
[BlackElo "2709"]
[TimeControl "180+2"]
[EndTime "15:22:52 PST"]
[Termination "GGuseinov won on time"]

1. e4 c5 2. Nc3 Nc6 3. g3 g6 4. Bg2 Bg7 5. d3 d6 6. Nge2 Nf6 7. h3 O-O 8. O-O Rb8 9. f4 Bd7 10. Be3 b5 11. a3 a5 12. a4 b4 13. Nb5 Ne8 14. Rb1 Nc7 15. c4 Ne6 16. b3 Ned4 17. Qd2 Nxe2+ 18. Qxe2 Nd4 19. Qf2 Qb6 20. g4 Bxb5 21.
cxb5 e6 22. f5 Be5 23. f6 Kh8 24. Bh6 Rg8 25. Kh1 Rb7 26. h4 Qd8 27. Be3 Rd7 28.
Bh3 d5 29. Bg2 Qc7 30. exd5 exd5 31. Bh6 Ne6 32. Rbe1 Qd6 33. Qf3 Nd4 34. Qe3 Bxf6 35. Bf4 Qf8 36. Be5 Bxe5 37. Qxe5+ Qg7 38. Bxd5 Nc2 0-1

[Event "*** Titled Tuesday 3|2 Blitz"]
[Site "Chess.com"]
[Date "2017.03.07"]
[Round "10"]
[White "TenisMaster"]
[Black "jcibarra"]
[Result "1-0"]
[WhiteElo "2608"]
[BlackElo "2649"]
[TimeControl "180+2"]
[EndTime "15:22:54 PST"]
[Termination "TenisMaster won on time"]

1. e4 e5 2. Nf3 d6 3. d4 exd4 4.
Qxd4 a6 5. Bg5 Nc6 6. Qe3 Be7 7. Bxe7 Qxe7 8. Nc3 Nf6 9. O-O-O O-O 10. Bc4 Be6 11. Bb3 Rfe8 12. Rhe1 Bxb3 13. cxb3 b5 14. Kb1 b4 15.
Nd5 Nxd5 16. Rxd5 a5 17. Qd3 Qe6 18. Ng5 Qg6 19. f4 Ne7 20. Rd4 Nc6 21. Rd5 Ne7 22.
Rd4 Nc6 23. Rd5 Ne7 24. Rb5 d5 25. h4 h6 26. Nf3 dxe4 27. Rxe4 Rad8 28. Qc2 Nf5 29.
Rxe8+ Rxe8 30. Rxf5 Qg3 31. Re5 Rd8 32. Qe2 Kh7 33. Qe4+ g6 34. Qe2 Qxf4 35. h5 g5 36.
Qe4+ Qxe4+ 37. Rxe4 Kg7 38. Kc2 Kf6 39. Rc4 Rd5 40.
g4 c5 41. a3 Ke6 42. Re4+ Kd6 43. Nd2 f5 44. Nc4+ Kc6 45. Re6+ Kd7 46. gxf5 Rxf5 47. Rxh6 Rf2+ 48. Kd3 Rf3+ 49. Ne3 a4 50. axb4 1-0

[Event "*** Titled Tuesday 3|2 Blitz"]
[Site "Chess.com"]
[Date "2017.03.07"]
[Round "10"]
[White "Rating-Schmating"]
[Black "Journey_to_GrandMaster_YT"]
[Result "1-0"]
[WhiteElo "2287"]
[BlackElo "2357"]
[TimeControl "180+2"]
[EndTime "15:22:57 PST"]
[Termination "Rating-Schmating won by checkmate"]

1. e4 d6 2. d4 Nf6 3. Nc3 e5 4. dxe5 dxe5 5. Qxd8+ Kxd8 6. Bc4 Ke8 7. Nf3 Bd6 8. Nb5 Nxe4 9. Be3 a6 10. Nxd6+ cxd6 11. O-O-O Ke7 12. Bd5 Nf6 13. Ng5 Nxd5 14. Rxd5 Be6 15.
Rd3 Nc6 16. Rhd1 d5 17. Bc5+ Kf6 18. Nxe6 fxe6 19. Rf3+ Kg6 20. Rg3+ Kf7 21. Rf3+ Ke8 22. c4 Rd8 23. Rg3 g6 24. f4 exf4 25. Rf3 Ne5 26. Rxf4 Nxc4 27. b3 Ne5 28. Bd4 Nf7 29. Rdf1 Rf8 30.
Bg7 Rd7 31. Bxf8 Kxf8 32. Kd2 Ke8 33. Rf6 Re7 34. Kd3 b6 35. Kd4 Nd6 36. Rf8+ Kd7 37. g4 Nb5+ 38. Ke5 Nc3 39. R1f7 Nxa2 40. Rxe7+ Kxe7 41. Ra8 Nb4 42. Ra7+ Kf8 43. Rxh7 Nd3+ 44. Kxe6 d4 45. Kd5 Nf2 46. Kxd4 Nxg4 47. h4 Nh2 48. Ke4 Nf1 49. Ra7 Nd2+ 50. Ke5 Nxb3 51. Rxa6 Nc5 52. Ra7 Nd3+ 53. Kf6 Nf4 54. Ra8# 1-0

[Event "*** Titled Tuesday 3|2 Blitz"]
[Site "Chess.com"]
[Date "2017.03.07"]
[Round "10"]
[White "Elshan1985"]
[Black "ChadaevNikolay"]
[Result "0-1"]
[WhiteElo "2495"]
[BlackElo "2607"]
[TimeControl "180+2"]
[EndTime "15:23:04 PST"]
[Termination "ChadaevNikolay won by resignation"]

1. d4 Nf6 2. Nf3 g6 3. c4 Bg7 4. e3 O-O 5. Be2 d6 6. Nc3 Nbd7 7. O-O e5 8. b4 Re8 9. Bb2 exd4 10. Nxd4 Ne5 11. Rc1 h5 12. Nd5 c6 13. Nxf6+ Qxf6 14. Rc2 a5 15. b5 c5 16. Nf3 Qe7 17. Nxe5 dxe5 18. Rd2 e4 19. Bxg7 Kxg7 20. Qc2 Bf5 21. Rfd1 f6 22. h3 h4 23. Qc3 a4 24. Rd5 Be6 25. R5d2 Red8 26. Qc2 Rxd2 27. Rxd2 Bf7 28.
Qd1 Be6 29. Rd6 Kf7 30. a3 Ke8 31. Rd2 Kf7 32. Qc2 f5 33. f3 b6 34. fxe4 Rd8 35.
Rxd8 Qxd8 36. e5 Qg5 37. Qd2 Qg3 38. Bf3 g5 39. Qd6 Qe1+ 40. Kh2 g4 41. hxg4 fxg4 42. Bxg4 Qg3+ 43. Kg1 Qxg4 44. Qxb6 h3 45. Qb7+ Kg6 46. Qf3 Qxg2+ 47. Qxg2+ hxg2 48. b6 Bc8 49. Kxg2 Kf5 50. Kf2 Kxe5 51. Kf3 Bb7+ 52. Ke2 Kd6 53. Kd3 Kc6 54. Ke4 Kxb6+ 55. Ke5 Kc6 0-1

[Event "*** Titled Tuesday 3|2 Blitz"]
[Site "Chess.com"]
[Date "2017.03.07"]
[Round "10"]
[White "pedromartinez91"]
[Black "AllStarShark"]
[Result "0-1"]
[WhiteElo "2321"]
[BlackElo "2270"]
[TimeControl "180+2"]
[EndTime "15:23:10 PST"]
[Termination "AllStarShark won on time"]

1. d4 d5 2. Bf4 Nf6 3. e3 e6 4.
Nf3 Bd6 5. Bg3 O-O 6. Be2 c5 7.
c3 Nc6 8. O-O Qe7 9. dxc5 Bxc5 10.
Nbd2 b6 11. c4 Bb7 12. cxd5 Nxd5 13. a3 Bd6 14. Nc4 Bxg3 15. hxg3 Rfd8 16. Qb3 Rac8 17. Rfd1 Ba6 18. Rac1 Na5 19. Nxa5 Bxe2 20. Nc6 Rxc6 21.
Rxc6 Bxd1 22. Qxd1 Qd7 23. Qc2 h6 24. Ne5 Qe7 25.
Rc4 Qf6 26. Nc6 Re8 27. Nxa7 b5 28. Nxb5 g6 29. Rc8 Rxc8 30. Qxc8+ Kg7 31. Qc2 Qg5 32. Nc3 Nf6 33. Ne4 Qf5 34. f3 Nxe4 35. Qxe4 Qb5 36.
Qd4+ e5 37. Qc3 h5 38. f4 f6 39. Kh2 Qd5 40. a4 Qe4 41. a5 exf4 42. exf4 h4 43. a6 hxg3+ 44. Qxg3 Qa4 45. f5 g5 46. Qc7+ Kh6 47. Qc3 Qxa6 48. b4 Kg7 49. g3 Qe2+ 0-1

[Event "*** Titled Tuesday 3|2 Blitz"]
[Site "Chess.com"]
[Date "2017.03.07"]
[Round "10"]
[White "Schemato"]
[Black "HouseOfDurin"]
[Result "1-0"]
[WhiteElo "2246"]
[BlackElo "1849"]
[TimeControl "180+2"]
[EndTime "15:23:13 PST"]
[Termination "Schemato won by resignation"]

1. c4 c5 2. g3 Nc6 3. Bg2 g6 4.
Nc3 Bg7 5. Nf3 e5 6. O-O Nge7 7. a3 O-O 8. Rb1 a5 9. Ne1 d6 10. Nc2 Be6 11. Ne3 f5 12. d3 Rb8 13. Bd2 b6 14.
Ned5 h6 15. b4 axb4 16. axb4 Kh7 17. Nxe7 Nxe7 18. Qa4 Qd7 19. Qxd7 Bxd7 20. Rb3 Bc6 21. Rfb1 Bxg2 22. Kxg2 Nc6 23. bxc5 bxc5 24. Be3 Rxb3 25.
Rxb3 Rb8 26. Rxb8 Nxb8 27. Nd5 Bf8 28. Kf1 g5 29. f3 Kg6 30. g4 f4 31. Bd2 Nc6 32. Bc3 Be7 33. Ke1 Bd8 34. Kd1 h5 35.
h3 hxg4 36. hxg4 Ba5 37. Ne7+ Nxe7 38. Bxa5 Kf7 39. Kc2 Nc6 40. Bc3 Ke7 41. Kb3 Ke6 42. Ka4 Ne7 43. Kb5 Ng6 44. Kc6 Nh4 45. Ba5 Ng2 46. Bc7 Ne3 47. Bxd6 Nd1 48. Bxc5 Nc3 49. e3 Nd1 50. exf4 exf4 51. d4 Ne3 52. d5+ Kf7 53.
d6 Ke8 54. d7+ Kd8 55. Bb6+ Ke7 56. d8=Q+ Kf7 1-0